 Dungeon Crawl Stone Soup version 0.18.1-2-ga659475 (webtiles) character file.

75 HungrySpirit the Chiller (level 4, 0/32 HPs)
             Began as a Formicid Ice Elementalist on May 8, 2016.
             Slain by an orc
             ... wielding a +0 hand axe
              (4 damage)
             ... on level 2 of the Dungeon.
             The game lasted 00:04:27 (2732 turns).

HungrySpirit the Chiller (FoIE)                     Turns: 2732, Time: 00:04:28

Health: 0/32       AC:  2    Str: 14    XL:     4   Next: 55%
Magic:  5/7        EV: 12    Int: 14    God:
Gold:   85         SH:  0    Dex: 14    Spells: 1 memorised, 6 levels left

rFire  . . .     SeeInvis +     i - +0 dagger
rCold  . . .     Gourm    .     a - +0 robe
rNeg   . . .     Faith    .     (no shield)
rPois  .         Spirit   .     (helmet unavailable)
rElec  .         Dismiss  .     (no cloak)
rCorr  .         Reflect  .     (no gloves)
SustAt .         Harm     .     (no boots)
MR     .....                    (no amulet)
Stlth  ++........               (no ring)
                                n - +3 ring of dexterity

@: drained, not resistant to hostile enchantments, unstealthy
A: permanent stasis, dig shafts and tunnels, four strong arms, antennae 3
a: Dig, Shaft Self


You were on level 2 of the Dungeon.
You were not hungry.

You visited 1 branch of the dungeon, and saw 3 of its levels.

You collected 85 gold pieces.

Inventory:

Hand Weapons
 i - a +0 dagger (weapon)
 q - a +0 long sword
 x - a -1 spear
Armour
 a - a +0 robe (worn)
Jewellery
 n - a +3 ring of dexterity (left hand)
 s - an uncursed ring of ice {unknown}
Scrolls
 d - a scroll of remove curse
 e - a scroll of fog {unknown}
 f - a scroll of fear
 g - a scroll of amnesia {unknown}
 j - 2 scrolls of enchant weapon {unknown}
 k - 2 scrolls of identify {unknown}
 p - 2 scrolls of magic mapping {unknown}
 u - 2 scrolls of teleportation {unknown}
Potions
 h - a potion of brilliance
 m - a potion of cancellation {unknown}
 o - a potion of heal wounds {unknown}
 t - 2 potions of magic {unknown}
 w - a potion of ambrosia
Books
 b - a book of Frost

   Spells                             Type                      Level
   a - Freeze                         Ice                          1
   b - Throw Frost                    Conjuration/Ice              2
   c - Ozocubu's Armour               Charms/Ice                   3
   d - Throw Icicle                   Conjuration/Ice              4
   e - Summon Ice Beast               Ice/Summoning                4
Comestibles
 c - 3 bread rations
 l - 5 fruits
 r - a beef jerky


   Skills:
 - Level 1.0(0.6) Fighting
 * Level 2.8(2.3) Short Blades
 - Level 1.7(1.3) Dodging
 - Level 2.4(1.9) Stealth
 - Level 2.1(1.7) Spellcasting
   Level 0.8(0.4) Conjurations
 + Level 3.7(3.2) Ice Magic


You had 6 spell levels left.
You knew the following spells:

 Your Spells              Type           Power        Failure   Level  Hunger
a - Freeze                Ice            ##..         10%         1    ##.....


Dungeon Overview and Level Annotations

Branches:
Dungeon (3/15)

Altars:


Innate Abilities, Weirdness & Mutations

You are under a permanent stasis effect.
You can dig through walls and to a lower floor.
Your four strong arms can wield two-handed weapons with a shield.
You have a pair of large antennae on your head (SInv).


Message History

You hit the orc but do no damage. The orc hits you with a hand axe.
* * * LOW HITPOINT WARNING * * *
You are too injured to fight recklessly!
Casting: Freeze
Confirm with . or Enter, or press ? or * to list all spells.
Aiming: Freeze
Press: ? - help, Shift-Dir - straight line, f - orc
Aim: an orc, wielding a hand axe You freeze the orc.
The orc is moderately wounded.
The orc hits you but does no damage.
Casting: Freeze
Confirm with . or Enter, or press ? or * to list all spells.
Aiming: Freeze
Press: ? - help, Shift-Dir - straight line, f/p - orc
Aim: an orc, wielding a hand axe (moderately wounded)
You freeze the orc.
The orc is heavily wounded.
The orc hits you with a hand axe.
You die...

#........#...................
#........#......###.#######..
#........#..........#######..
##.....##.#..................)
#..................(...#####..
#.......##....................
#.......##....####...........#
##.....###...o...#.##.........
#............@.....######...#.
#....<....#...................
#.......#######....########..÷
##.....## ##...#### #....
##..<.# ##.....####.##. ####.#
##..#......### #####.####
##.....#### # #........#
#........### #....÷...#
####.###s#.....


You could see an orc.

Vanquished Creatures
  2 adders (D:2)
  A worm (D:2)
  3 dart slugs
  2 giant geckos
  An orc (D:2)
  5 giant cockroaches
  2 goblins
  5 hobgoblins
  4 jackals (D:2)
  3 kobolds
  A quokka (D:2)
  4 bats
  2 giant newts (D:1)
  10 rats
45 creatures vanquished.

Notes
Turn   | Place    | Note
--------------------------------------------------------------
     0 | D:1      | HungrySpirit the Formicid Ice Elementalist began the quest for the Orb.
     0 | D:1      | Reached XP level 1. HP: 13/13 MP: 3/3
   201 | D:1      | Reached skill level 1 in Fighting
   357 | D:1      | Reached XP level 2. HP: 10/21 MP: 5/5
   513 | D:1      | Reached skill level 1 in Short Blades
  1177 | D:1      | Reached XP level 3. HP: 25/26 MP: 3/6
  1822 | D:2      | Reached XP level 4. HP: 30/32 MP: 3/7
  2732 | D:2      | Slain by an orc

Skill      XL: |  1  2  3 |
---------------+----------+-----
Fighting       | 1 |  1.0
Short Blades   | 1 2 |  2.8
Dodging        | |  1.7
Stealth        | |  2.4
Spellcasting   | |  2.1
Conjurations   | |  0.8
Ice Magic      | |  3.7

Action                   |  1- 3 |  4- 6 || total
-------------------------+-------+-------++-------
Melee: Unarmed           |    23 |       ||    23
       Dagger            |    79 |   113 ||   192
 Cast: Freeze            |    23 |     8 ||    31
  Use: Potion            |     2 |       ||     2
       Scroll            |       |     2 ||     2
 Stab: Sleeping          |     4 |     2 ||     6
  Eat: Chunk             |     3 |     4 ||     7
Armor: Robe              |    21 |    16 ||    37
Dodge: Dodged            |    65 |    69 ||   134
